 Dungeon Crawl Stone Soup version 0.21.1-1-g345015f (webtiles) character file.

2541 sking99 the Grappler (level 9, 0/92 HPs)
             Began as a Troll Monk on July 1, 2018.
             Slain by a slime creature (21 damage)
             ... on level 8 of the Dungeon.
             The game lasted 00:07:48 (5011 turns).

sking99 the Grappler (Troll Monk)                   Turns: 5011, Time: 00:07:49

Health: 0/92       AC:  9    Str: 21    XL:     9   Next: 30%
Magic:  8/8        EV:  8    Int:  6    God:
Gold:   112        SH: 10    Dex: 15    Spells: 8/8 levels left

rFire    . . .     SeeInvis .     - Unarmed
rCold    . . .     Gourm    +   w - +2 shield {AC+3}
rNeg     . . .     Faith    .   a - +1 robe
rPois    .         Spirit   .   (helmet restricted)
rElec    .         Reflect  .   (no cloak)
rCorr    .         Harm     .   (gloves unavailable)
MR       .....                  (boots unavailable)
Stlth    ++........             (no amulet)
HPRegen  0.65/turn              (no ring)
MPRegen  0.11/turn              (no ring)

@: no status effects
A: large, unfitting armour, claws 3, fast metabolism 3, gourmand, regeneration
1, shaggy fur 1, tough skin 2
a: no special abilities


You were on level 8 of the Dungeon.
You were completely stuffed.

You visited 2 branches of the dungeon, and saw 9 of its levels.

You collected 413 gold pieces.
You spent 301 gold pieces at shops.

Inventory:

Armour
 a - a +1 robe (worn)
 w - a +2 shield of protection (worn)
Jewellery
 k - an uncursed amulet of the gourmand {unknown}
 q - an uncursed ring of protection from fire {unknown}
 y - an uncursed ring of ice {unknown}
Wands
 l - a wand of paralysis (9)
 t - a wand of polymorph (17)
Scrolls
 c - a scroll of immolation
 d - 4 scrolls of identify
 f - 4 scrolls of magic mapping
 g - 2 scrolls of enchant weapon
 h - a scroll of enchant armour
 m - a scroll of holy word {unknown}
 p - a scroll of random uselessness {unknown}
 v - 2 scrolls of remove curse
 x - a scroll of teleportation {unknown}
 A - a scroll of amnesia {unknown}
Potions
 e - a potion of mutation
 i - 3 potions of degeneration
 j - 2 potions of cancellation
 n - 4 potions of curing
 o - 2 potions of lignification
 r - 3 potions of heal wounds {unknown}
 s - 5 potions of agility
 u - 3 potions of might {unknown}
Comestibles
 b - 13 rations
 z - 2 chunks of flesh


   Skills:
 + Level 6.4 Fighting
 - Level 2.4 Dodging
 - Level 1.0 Stealth
 + Level 2.1 Shields
 * Level 10.4 Unarmed Combat


You had 8 spell levels left.
You didn't know any spells.

Dungeon Overview and Level Annotations

Branches:
Dungeon (8/15)             Temple (1/1) D:7
   Lair: D:8-11

Altars:
Ashenzari
Cheibriados
Dithmenos
Elyvilon
Fedhas
Gozag
Hepliaklqana
Kikubaaqudgha
Makhleb
Nemelex Xobeh
Okawaru
Qazlal
Ru
Sif Muna
Vehumet
Xom
Yredelemnul
Zin
The Shining One

Shops:
D:6 [


Innate Abilities, Weirdness & Mutations

You are too large for most types of armour.
You have claws for hands.
Your metabolism is lightning-fast.
You like to eat raw meat.
Your natural rate of healing is unusually fast.
You are covered in fur. (AC +1)
You have very tough skin. (AC +2)


Message History

2 slime creatures come into view.
You claw the slime creature!
The slime creature is almost dead.
You block the slime creature's attack.
You mangle the slime creature!!
You kill the slime creature!
Your Shields skill increases to level 2!
You block the large slime creature's attack.
You barely miss the slime creature. You block the slime creature's attack.
The large slime creature hits you!
You mangle the slime creature!!
The slime creature is moderately wounded.
You barely miss the slime creature.
The slime creature is moderately wounded.
The slime creature completely misses you.
The large slime creature hits you!!!
* * * LOW HITPOINT WARNING * * *
You can't go down here!
The slime creature hits you!!
You die...

#........#
##########
######
#@J..#
#J##.# #J#


.ZZ ### You could see a large slime creature, 2 slime creatures, a hound zombie
and a centaur skeleton.

Vanquished Creatures
  The ghost of tkdonut the Cleaver, a novice HOFi of Trog (D:6)
  A slime creature (D:8)
  A hungry ghost (D:7)
  Duvessa (D:4)
  A phantom (D:4)
  A sky beast (D:5)
  An ice beast (D:6)
  3 centaurs
  2 bullfrogs
  Dowan (D:4)
  A scorpion (D:5)
  2 howler monkeys (D:7)
  A crimson imp (D:5)
  A bullfrog zombie (D:5)
  A jelly (D:6)
  3 orc wizards
  Crazy Yiuf (D:4)
  A gnoll shaman (D:5)
  2 orc priests
  4 hounds
  Terence (D:1)
  An iguana (D:4)
  4 worker ants
  A hound zombie (D:5)
  A worker ant zombie (D:5)
  8 gnolls
  9 adders
  A howler monkey skeleton (D:6)
  A shadow imp (D:7)
  An adder zombie (D:7)
  2 worms
  2 dart slugs
  A leopard gecko (D:2)
  14 orcs
  2 ball pythons
  3 giant cockroaches (D:1)
  5 goblins
  7 hobgoblins
  2 jackals (D:3)
  6 kobolds
  3 quokkas
  9 bats
  A frilled lizard (D:1)
  2 quokka skeletons
  5 rats
122 creatures vanquished.

Vanquished Creatures (others)
  An orc wizard (D:7)
1 creature vanquished.

Grand Total: 123 creatures vanquished

Notes
Turn   | Place    | Note
-------+----------+-------------------------------------------
     0 | D:1      | sking99 the Troll Monk began the quest for the Orb.
     0 | D:1      | Reached XP level 1. HP: 22/22 MP: 0/0
   175 | D:1      | Reached XP level 2. HP: 29/29 MP: 1/1
   611 | D:1      | Reached XP level 3. HP: 35/36 MP: 2/2
  1054 | D:2      | Noticed Terence
  1070 | D:1      | Killed Terence
  1070 | D:1      | Reached skill level 4 in Unarmed Combat
  1129 | D:2      | Reached XP level 4. HP: 31/45 MP: 3/3
  1399 | D:2      | Found a shimmering altar of Xom.
  1526 | D:2      | Found a blossoming altar of Fedhas.
  1526 | D:2      | Found an opulent altar of Gozag.
  1585 | D:3      | Reached skill level 5 in Unarmed Combat
  1585 | D:3      | Reached XP level 5. HP: 47/53 MP: 4/4
  2218 | D:4      | Noticed Dowan
  2220 | D:4      | Noticed Duvessa
  2234 | D:4      | Killed Dowan
  2234 | D:4      | Reached XP level 6. HP: 54/62 MP: 5/5
  2265 | D:4      | Killed Duvessa
  2265 | D:4      | Reached skill level 6 in Unarmed Combat
  2353 | D:4      | Reached XP level 7. HP: 36/70 MP: 6/6
  2741 | D:4      | Found a runed door.
  2881 | D:4      | Noticed Crazy Yiuf
  2887 | D:4      | Killed Crazy Yiuf
  2887 | D:4      | Reached skill level 7 in Unarmed Combat
  2937 | D:5      | Entered Level 5 of the Dungeon
  3449 | D:5      | Reached skill level 8 in Unarmed Combat
  3483 | D:5      | Reached skill level 5 in Fighting
  3530 | D:5      | Found a basalt altar of Yredelemnul.
  3655 | D:6      | Reached XP level 8. HP: 31/80 MP: 7/7
  3680 | D:6      | Noticed tkdonut's ghost (novice HOFi)
  3767 | D:6      | Killed tkdonut's ghost
  3767 | D:6      | Reached skill level 9 in Unarmed Combat
  4084 | D:6      | Found a shattered altar of Ashenzari.
  4170 | D:6      | Found Kuchima's Armour Shoppe.
  4173 | D:6      | Bought a +2 shield of protection for 301 gold pieces
  4362 | D:7      | Reached skill level 1 in Shields
  4383 | D:7      | Reached XP level 9. HP: 80/89 MP: 8/8
  4385 | D:7      | Reached skill level 10 in Unarmed Combat
  4565 | D:7      | Found a staircase to the Ecumenical Temple.
  4960 | Temple   | Entered the Ecumenical Temple
  5011 | D:8      | Slain by a slime creature

Skill      XL: |  1  2  3  4  5  6  7  8  9 |
---------------+----------------------------+-----
Fighting       | 3 4 5 6 |  6.4
Unarmed Combat | 4 5 6 8 9 10 | 10.4
Shields        | 1 2 |  2.1
Dodging        | |  2.4
Stealth        | |  1.0

Action                   |  1- 3 |  4- 6 |  7- 9 || total
-------------------------+-------+-------+-------++-------
Melee: Unarmed           |   102 |   124 |   202 ||   428
       Punch             |       |     1 |     4 ||     5
  Use: Scroll            |       |       |    13 ||    13
 Stab: Sleeping          |     1 |     1 |     3 ||     5
  Eat: Chunk             |    15 |    12 |    31 ||    58
Armor: Robe              |    55 |    34 |    51 ||   140
Dodge: Dodged            |    71 |    52 |    80 ||   203
Block: Shield            |       |       |    42 ||    42
